 Dungeon Crawl Stone Soup version 0.31-a0-174-g85c54bcb58 (webtiles) character file.

Game seed: 3346986591912901952

761 qw the Shooter (level 7, -1/64 HPs)
             Began as a Naga Hunter on June 15, 2023.
             Killed from afar by a steam dragon (21 damage)
             ... with a ball of steam
             ... on level 4 of the Dungeon.
             The game lasted 00:01:18 (3695 turns).

qw the Shooter (Naga Hunter)                        Turns: 3695, Time: 00:01:19

Health: -1/64      AC:  5    Str: 20    XL:     7   Next: 80%
Magic:  7/7        EV:  9    Int:  9    God:
Gold:   190        SH:  5    Dex: 16    Spells: 6/6 levels left

rFire   . . .        Y - +0 shortbow
rCold   + . .        (shield currently unavailable)
rNeg    . . .        b - +0 ring mail {rC+}
rPois   +            (no helmet)
rElec   .            (no cloak)
rCorr   .            (no gloves)
SInv    +            (no barding)
Will    .....        g - amulet of reflection
Stlth   +            d - +6 ring of strength
HPRegen 0.30/turn    (no ring)
MPRegen 0.10/turn

%: reflection
@: short of breath, very slow
A: AC +2, large, see invisible, deformed body, poison resistance, slowness 2,
spit poison 1, naga tail 1
a: Spit Poison


You were on level 4 of the Dungeon.
You visited 1 branch of the dungeon, and saw 4 of its levels.
You also visited: Sewer.

You collected 190 gold pieces.


Innate Abilities, Weirdness & Mutations

Your serpentine skin is tough. (AC +2)
You have supernaturally acute eyesight. (SInv)
Armour fits poorly on your strangely shaped body.
Your system is resistant to poisons. (rPois)
You cover ground very slowly.
You can spit poison.
You have a snake-like lower body.


   Skills:
 - Level 4.1 Fighting
 + Level 7.2 Ranged Weapons
 - Level 2.0 Armour
 - Level 2.1 Dodging
 - Level 1.5 Stealth


You had 6 spell levels left.
You didn't know any spells.
Your spell library was empty.

Inventory:

Hand Weapons
 Y - a +0 shortbow (weapon)
Armour
 b - a +0 ring mail of cold resistance (worn)
 c - a +0 leather armour
 f - a +2 leather armour of positive energy
Jewellery
 d - a +6 ring of strength (left hand)
 g - an amulet of reflection (around neck)
Potions
 a - a potion of haste {unknown}
 e - a potion of berserk rage {unknown}
 h - a potion of curing
 i - a potion of might {unknown}

Dungeon Overview and Level Annotations

Branches:
Dungeon (4/15)              Sewer (visited)
 Temple: D:4-7

Altars:
Gozag
Nemelex Xobeh
Xom

Annotations:
D:2 1 runed translucent door, Crazy Yiuf


Message History

You shoot an arrow. The arrow hits the steam dragon.
The steam dragon is heavily wounded.
You are engulfed in a cloud of scalding steam.
You have got your breath back.
The steam dragon bites you. The steam dragon completely misses you.
3691 ||| INVOKING Spit Poison.
Aiming: Spit Poison (1% risk of failure)
Press: ? - help, Shift-Dir - straight line, f/p - steam dragon The splash of poison hits the steam dragon.
The steam dragon is poisoned.
The steam dragon is heavily wounded.
You are engulfed in a cloud of scalding steam.
The steam dragon bites you but does no damage.
The steam dragon claws you but does no damage.
You shoot an arrow.
The arrow hits the steam dragon but does no damage.
The steam dragon is heavily wounded.
You are engulfed in a cloud of scalding steam.
The steam dragon breathes steam at you. The ball of steam misses you.
You shoot an arrow.
The arrow closely misses the steam dragon.
The arrow hits the worm.
The worm is lightly wounded.
You are engulfed in a cloud of scalding steam.
You block the steam dragon's attack.
The steam dragon claws you but does no damage.
3694 ||| DRINKING potion of heal wounds.
You feel much better. The steam dragon bites you.
The steam dragon claws you but does no damage.
You shoot an arrow.
The arrow completely misses the steam dragon.
The arrow hits the worm but does no damage.
The worm is lightly wounded.
The steam dragon breathes steam at you. The ball of steam hits you!
The steam dragon breathes steam at you. The ball of steam hits you!!
You die...

######..##.#.##
######............##
#.......###..##...##
#.####..# ##.#...###
#..# #......##
####..# #........
#¤....# ####.####
#¤###.# #.# #@# #.#
#.# #D# #.# ##'##
.w. .# ##...## .....
## ##.....## ......#
##.......# .#...#.#
#......... #.......#
+......... #.......#
#.........
##.......#


You could see a steam dragon (poisoned, catching breath) and a worm.

Vanquished Creatures
  Sigmund (D:2)
  Pargi (Sewer)
  2 orc priests (D:4)
  Jessica (D:3)
  3 iguanas
  Terence (D:2)
  Natasha (thrice) (D:2)
  3 orc wizards
  5 adders
  3 gnolls (D:2)
  2 dart slugs (D:2)
  9 orcs
  12 ball pythons
  5 bats
  6 endoplasms
  6 giant cockroaches
  7 goblins
  6 hobgoblins
  4 jackals (D:2)
  5 quokkas
  5 frilled lizards
  7 kobolds
  A rat (D:3)
98 creatures vanquished.

Notes
Turn   | Place    | Note
-------+----------+-------------------------------------------
     0 | D:1      | qw the Naga Hunter began the quest for the Orb.
     0 | D:1      | Reached XP level 1. HP: 19/19 MP: 1/1
     0 | D:1      | 0 ||| qw: Version: 0.2-a-29-g511e9b1
     0 | D:1      | 0 ||| qw: Game counter: 5543
     0 | D:1      | 0 ||| qw: Always use a shield: true
     0 | D:1      | 0 ||| qw: God list: Okawaru
     0 | D:1      | 0 ||| qw: Allow faded altars: false
     0 | D:1      | 0 ||| qw: Do Orc after D:15 true
     0 | D:1      | 0 ||| qw: Do second Lair branch before Depths: true
     0 | D:1      | 0 ||| qw: Lair rune preference: random
     0 | D:1      | 0 ||| qw: Plans: Normal
     0 | D:1      | 0 ||| PLANNING D:1-11
    44 | D:1      | 44 ||| INVOKING Spit Poison.
    50 | D:1      | 50 ||| INVOKING Spit Poison.
    67 | D:1      | 67 ||| INVOKING Spit Poison.
   102 | D:1      | Reached skill level 4 in Ranged Weapons
   102 | D:1      | Reached XP level 2. HP: 26/26 MP: 2/2
   110 | D:1      | 110 ||| INVOKING Spit Poison.
   118 | D:1      | 118 ||| INVOKING Spit Poison.
   130 | D:1      | 130 ||| INVOKING Spit Poison.
   141 | D:1      | 141 ||| INVOKING Spit Poison.
   145 | D:1      | 145 ||| INVOKING Spit Poison.
   150 | D:1      | 150 ||| INVOKING Spit Poison.
   193 | D:1      | Found a faded altar of an unknown god.
   214 | D:1      | 214 ||| INVOKING Spit Poison.
   220 | D:1      | 220 ||| INVOKING Spit Poison.
   281 | D:1      | 281 ||| INVOKING Spit Poison.
   311 | D:1      | 311 ||| INVOKING Spit Poison.
   315 | D:1      | 315 ||| INVOKING Spit Poison.
   371 | D:1      | 371 ||| INVOKING Spit Poison.
   381 | D:1      | 381 ||| INVOKING Spit Poison.
   401 | D:1      | 401 ||| INVOKING Spit Poison.
   402 | D:1      | Reached XP level 3. HP: 32/32 MP: 3/3
   512 | D:1      | 512 ||| INVOKING Spit Poison.
   548 | D:1      | 548 ||| INVOKING Spit Poison.
   664 | D:1      | 664 ||| READING scroll labelled SONACI LIUSAIS.
   665 | D:1      | 665 ||| READING 2 scrolls labelled QEIVVAS WAPA.
   666 | D:1      | 666 ||| READING scroll labelled DATOIG YGIARARGH.
   667 | D:1      | 667 ||| DRINKING 2 coppery potions.
   668 | D:1      | 668 ||| DROPPING scroll of butterflies.
   669 | D:1      | 669 ||| DROPPING scroll of fear.
   724 | D:2      | 724 ||| INVOKING Spit Poison.
   740 | D:2      | You fall into a shaft and drop 1 floor!
   755 | D:2      | Noticed Natasha
   756 | D:2      | 756 ||| INVOKING Spit Poison.
   759 | D:2      | Killed Natasha
   771 | D:2      | Noticed Terence
   772 | D:2      | 772 ||| INVOKING Spit Poison.
   777 | D:2      | 777 ||| INVOKING Spit Poison.
   779 | D:2      | Reached skill level 5 in Ranged Weapons
   779 | D:2      | Reached XP level 4. HP: 27/39 MP: 4/4
   782 | D:2      | HP: 9/39 [Terence/+0 mace (4)]
   783 | D:2      | 783 ||| INVOKING Spit Poison.
   783 | D:2      | Killed Terence
   967 | D:2      | 967 ||| INVOKING Spit Poison.
   980 | D:2      | 980 ||| INVOKING Spit Poison.
  1089 | D:2      | 1089 ||| INVOKING Spit Poison.
  1111 | D:2      | 1111 ||| INVOKING Spit Poison.
  1116 | D:2      | 1116 ||| INVOKING Spit Poison.
  1121 | D:2      | 1121 ||| INVOKING Spit Poison.
  1124 | D:2      | 1124 ||| INVOKING Spit Poison.
  1130 | D:2      | 1130 ||| INVOKING Spit Poison.
  1133 | D:2      | Reached skill level 3 in Fighting
  1214 | D:2      | 1214 ||| INVOKING Spit Poison.
  1244 | D:2      | Noticed Natasha
  1245 | D:2      | 1245 ||| INVOKING Spit Poison.
  1247 | D:2      | 1247 ||| Stepping ~*~*~tactically~*~*~ (outnumbered).
  1250 | D:2      | 1250 ||| INVOKING Spit Poison.
  1250 | D:2      | Killed Natasha
  1251 | D:2      | Reached XP level 5. HP: 42/49 MP: 5/5
  1269 | D:2      | Found a shimmering altar of Xom.
  1283 | D:2      | 1283 ||| INVOKING Spit Poison.
  1290 | D:2      | 1290 ||| INVOKING Spit Poison.
  1295 | D:2      | 1295 ||| INVOKING Spit Poison.
  1299 | D:2      | 1299 ||| INVOKING Spit Poison.
  1364 | D:2      | Noticed Natasha
  1367 | D:2      | 1367 ||| INVOKING Spit Poison.
  1369 | D:2      | Killed Natasha
  1418 | D:2      | 1418 ||| INVOKING Spit Poison.
  1428 | D:2      | Noticed Sigmund
  1430 | D:2      | 1430 ||| INVOKING Spit Poison.
  1434 | D:2      | 1434 ||| INVOKING Spit Poison.
  1435 | D:2      | Killed Sigmund
  1436 | D:2      | Reached skill level 6 in Ranged Weapons
  1436 | D:2      | Reached XP level 6. HP: 48/56 MP: 6/6
  1476 | D:2      | Found a runed translucent door.
  1477 | D:2      | Noticed Crazy Yiuf
  1766 | D:2      | 1766 ||| READING scroll labelled HOGHAL LILU.
  1767 | D:2      | 1767 ||| DRINKING 2 orange potions.
  1768 | D:2      | 1768 ||| DROPPING potion of attraction.
  1841 | D:3      | 1841 ||| INVOKING Spit Poison.
  1936 | D:3      | 1936 ||| INVOKING Spit Poison.
  1992 | D:3      | 1992 ||| INVOKING Spit Poison.
  1997 | D:3      | 1997 ||| INVOKING Spit Poison.
  1998 | D:3      | 1998 ||| INVOKING Spit Poison.
  2005 | D:3      | 2005 ||| INVOKING Spit Poison.
  2061 | D:3      | Noticed Jessica
  2062 | D:3      | 2062 ||| INVOKING Spit Poison.
  2065 | D:3      | 2065 ||| INVOKING Spit Poison.
  2066 | D:3      | Killed Jessica
  2071 | D:3      | 2071 ||| INVOKING Spit Poison.
  2137 | D:3      | 2137 ||| INVOKING Spit Poison.
  2173 | D:3      | Found a sparkling altar of Nemelex Xobeh.
  2195 | D:3      | 2195 ||| INVOKING Spit Poison.
  2201 | D:3      | 2201 ||| INVOKING Spit Poison.
  2384 | D:3      | 2384 ||| INVOKING Spit Poison.
  2476 | D:3      | 2476 ||| INVOKING Spit Poison.
  2483 | D:3      | 2483 ||| INVOKING Spit Poison.
  2528 | D:3      | 2528 ||| INVOKING Spit Poison.
  2531 | D:3      | Reached XP level 7. HP: 64/64 MP: 7/7
  2531 | D:3      | 2531 ||| INVOKING Spit Poison.
  2535 | D:3      | 2535 ||| INVOKING Spit Poison.
  2538 | D:3      | 2538 ||| INVOKING Spit Poison.
  2729 | D:3      | 2729 ||| UPGRADING to +0 ring mail of cold resistance.
  2739 | D:3      | 2739 ||| DROPPING scarf of shadows.
  2740 | D:3      | 2740 ||| UPGRADING to amulet of guardian spirit.
  2745 | D:3      | 2745 ||| UPGRADING to +6 ring of strength.
  2746 | D:3      | 2746 ||| DROPPING +6 ring of intelligence.
  2784 | D:4      | 2784 ||| PLANNING SEWER
  2804 | D:4      | 2804 ||| INVOKING Spit Poison.
  2807 | D:4      | 2807 ||| INVOKING Spit Poison.
  2810 | D:4      | 2810 ||| INVOKING Spit Poison.
  2860 | D:4      | 2860 ||| INVOKING Spit Poison.
  2868 | D:4      | 2868 ||| INVOKING Spit Poison.
  2871 | D:4      | 2871 ||| INVOKING Spit Poison.
  2991 | D:4      | 2991 ||| INVOKING Spit Poison.
  3014 | D:4      | 3014 ||| INVOKING Spit Poison.
  3017 | D:4      | 3017 ||| INVOKING Spit Poison.
  3018 | D:4      | Reached skill level 7 in Ranged Weapons
  3023 | D:4      | 3023 ||| INVOKING Spit Poison.
  3030 | D:4      | 3030 ||| INVOKING Spit Poison.
  3049 | D:4      | 3049 ||| INVOKING Spit Poison.
  3050 | D:4      | Found a glowing drain.
  3054 | D:4      | 3054 ||| INVOKING Spit Poison.
  3057 | D:4      | 3057 ||| INVOKING Spit Poison.
  3105 | Sewer    | Entered a sewer
  3127 | Sewer    | 3127 ||| INVOKING Spit Poison.
  3176 | Sewer    | 3176 ||| INVOKING Spit Poison.
  3180 | Sewer    | Noticed Pargi
  3181 | Sewer    | 3181 ||| INVOKING Spit Poison.
  3186 | Sewer    | 3186 ||| INVOKING Spit Poison.
  3190 | Sewer    | Killed Pargi
  3316 | Sewer    | 3316 ||| DROPPING scarf of shadows.
  3317 | Sewer    | 3317 ||| UPGRADING to amulet of reflection.
  3327 | Sewer    | 3327 ||| DROPPING amulet of guardian spirit.
  3341 | D:4      | 3341 ||| PLANNING D:1-11
  3471 | D:4      | 3471 ||| INVOKING Spit Poison.
  3508 | D:4      | 3508 ||| Stepping ~*~*~tactically~*~*~ (outnumbered).
  3510 | D:4      | 3510 ||| Stepping ~*~*~tactically~*~*~ (outnumbered).
  3511 | D:4      | 3511 ||| INVOKING Spit Poison.
  3514 | D:4      | 3514 ||| INVOKING Spit Poison.
  3527 | D:4      | 3527 ||| INVOKING Spit Poison.
  3586 | D:4      | 3586 ||| INVOKING Spit Poison.
  3597 | D:4      | 3597 ||| INVOKING Spit Poison.
  3598 | D:4      | Identified the +1 ring mail of Lachrymose Liberty {rPois
                  | Int+7 Dex-4 Stlth+}
  3602 | D:4      | 3602 ||| INVOKING Spit Poison.
  3632 | D:4      | Found an opulent altar of Gozag.
  3682 | D:4      | Noticed a steam dragon
  3684 | D:4      | 3684 ||| INVOKING Spit Poison.
  3691 | D:4      | 3691 ||| INVOKING Spit Poison.
  3693 | D:4      | HP: 12/64 [steam dragon] (9)]
  3694 | D:4      | 3694 ||| DRINKING potion of heal wounds.
  3695 | D:4      | Killed from afar by a steam dragon

Levels and vault maps discovered:
D:1:      minmay_arrival_shattered_statue, layout_loops_ring,
          shapermc_ecumenical_altar_mp_vishouse
D:2:      layout_basic, basic_altar, bh_walls_and_bars, uniq_crazy_yiuf_cottage,
          uniq_terence, uniq_natasha, uniq_sigmund
D:3:      kennysheep_big_flooded_room, layout_loops_corners,
          overflow_temple_1_default, serial_glass, glass_columns_a,
          glass_columns_a, uniq_jessica
D:4:      layout_loops_corners, mainiacjoe_overflow_surrounded_room,
          temple_hall, gup_sewer_entry_bubbles

Skill      XL: |  1  2  3  4  5  6  7 |
---------------+----------------------+-----
Ranged Weapons | 4 5 6 7 |  7.2
Fighting       | 3 4 |  4.1
Armour         | 2 |  2.0
Dodging        | 2 |  2.1
Stealth        | |  1.5

Action                     |  1- 3 |  4- 6 |  7- 9 || total
---------------------------+-------+-------+-------++-------
   Fire: Shortbow          |    53 |    91 |    61 ||   205
Ability: Spit Poison       |    23 |    35 |    30 ||    88
    Use: Scroll            |     3 |     1 |       ||     4
         Potion            |     1 |     1 |     1 ||     3
 Armour: Leather armour    |     1 |    10 |     2 ||    13
         Ring mail         |       |       |    18 ||    18
  Dodge: Dodged            |     9 |    39 |    26 ||    74
  Block: Other             |       |       |     3 ||     3

Table legend:
 A = Non-vault XP
 B = Vault XP
 C = Vault XP percentage of total XP
 D = Non-vault monster count
 E = Vault monster count
 F = Vault count percentage of total count
                 A         B        C        D         E       F
            +---------+---------+-------+---------+---------+-------
      Total |     557 |     531 |  48.8 |      82 |      16 |  16.3
            +---------+---------+-------+---------+---------+-------
        D:1 |      40 |       0 |   0.0 |      24 |       0 |   0.0
        D:2 |     165 |     285 |  63.3 |      25 |       3 |  10.7
        D:3 |     136 |      63 |  31.7 |      17 |       3 |  15.0
        D:4 |     216 |      36 |  14.3 |      16 |       7 |  30.4
      Sewer |       0 |     147 | 100.0 |       0 |       3 | 100.0
            +---------+---------+-------+---------+---------+-------
